 Dungeon Crawl Stone Soup version 0.23-a0-844-gdc03e01 (webtiles) character file.

21 Lanoc the Skirmisher (level 2, -1/24 HPs)
             Began as a Demonspawn Fighter on Jan 26, 2019.
             Slain by an ooze (2 damage)
             ... on level 2 of the Dungeon.
             The game lasted 00:01:20 (955 turns).

Lanoc the Skirmisher (Demonspawn Fighter)            Turns: 955, Time: 00:01:21

Health: -1/24      AC:  6    Str: 21    XL:     2   Next: 65%
Magic:  2/2        EV:  7    Int:  9    God:
Gold:   67         SH:  9    Dex: 12    Spells: 1/1 levels left

rFire    . . .     SeeInvis .   a - +0 long sword
rCold    . . .     Gourm    .   c - +0 shield
rNeg     . . .     Faith    .   b - +0 scale mail
rPois    .         Spirit   .   (no helmet)
rElec    .         Reflect  .   (no cloak)
rCorr    .         Harm     .   (no gloves)
MR       .....                  (no boots)
Stlth    ..........             o - amulet of magic regeneration
HPRegen  0.08/turn              j - ring of attention (curse)
MPRegen  0.33/turn              (no ring)

@: mighty, lethally poisoned (-1 -> -5)
A: powered by death 1
a: no special abilities


You were on level 2 of the Dungeon.
You were not hungry.

You visited 1 branch of the dungeon, and saw 2 of its levels.

You collected 67 gold pieces.

Inventory:

Hand Weapons
 a - a +0 long sword (weapon)
Armour
 b - a +0 scale mail (worn)
 c - a +0 shield (worn)
Jewellery
 j - a cursed ring of attention (left hand)
 o - an amulet of magic regeneration (around neck)
Scrolls
 e - 3 scrolls of identify {unknown}
 h - a scroll of amnesia {unknown}
 m - 2 scrolls of teleportation {unknown}
 p - a scroll of fear {unknown}
Potions
 g - a potion of heal wounds {unknown}
 i - 2 potions of mutation {unknown}
 k - a potion of flight {unknown}
 l - a potion of berserk rage {unknown}
 n - a potion of curing {unknown}
Comestibles
 f - 2 rations


   Skills:
 + Level 3.2 Fighting
 * Level 2.3 Long Blades
 + Level 2.9 Armour
 + Level 0.7 Dodging
 - Level 2.6 Shields


You had one spell level left.
You didn't know any spells.
Your spell library was empty.

Dungeon Overview and Level Annotations

Branches:
Dungeon (2/15)

Altars:


Innate Abilities, Weirdness & Mutations

You regenerate a little health from kills.


Message History

You feel sick. You block the adder's attack. The ooze hits you.
The adder bites you but does no damage. The ooze hits you.
You are too injured to fight recklessly!
You are too injured to fight recklessly!
You miss the adder.
The adder is severely wounded.
You feel sick. The adder bites you but does no damage.
You block the ooze's attack. The adder bites you.
* * * LOW HITPOINT WARNING * * *
You feel very mighty all of a sudden. You block the ooze's attack.
The adder bites you but does no damage.
Your scale mail prevents you from hitting the adder.
The adder is severely wounded.
* * * LOW HITPOINT WARNING * * *
You feel sick. The adder bites you.
* * * LOW HITPOINT WARNING * * *
You block the ooze's attack. The adder bites you.
* * * LOW HITPOINT WARNING * * *
The ooze hits you.
You die...

.. ...####. ..##.
#..##...
..#...####.#..####
#.##........[..... .
#.###.##.......... ..
#.#...............
###.###.###.............
....).J.#...............
......S@....##.....†....
#.......#...............
####....#...............
####.#..........)....
..#.##............
..#..........#.###
...#####.##....)##
##.#†# #.###.....##
#.###.####...(..


You could see an ooze and an adder.

Vanquished Creatures
  2 leopard geckos
  2 giant cockroaches (D:1)
  2 goblins (D:2)
  2 hobgoblins
  5 kobolds
  3 bats
  2 rats (D:2)
  A plant (D:1)
19 creatures vanquished.

Notes
Turn   | Place    | Note
-------+----------+-------------------------------------------
     0 | D:1      | Lanoc the Demonspawn Fighter began the quest for the Orb.
     0 | D:1      | Reached XP level 1. HP: 18/18 MP: 1/1
   527 | D:1      | Gained mutation: You regenerate a little health from kills.
                  | [demonic ancestry]
   527 | D:1      | Reached XP level 2. HP: 24/24 MP: 2/2
   955 | D:2      | HP: 1/24 [adder (1)]
   955 | D:2      | Slain by an ooze

Vault maps used:
D:1:      roderic_crop_circles_arrival_small, serial_bayou_crossing
D:2:      minmay_recursive_quarters, lemuel_coloured_pillars_altar, uniq_terence

Skill      XL: |  1 |
---------------+----+-----
Long Blades    | 2 |  2.3
Fighting       | |  3.2
Armour         | |  2.9
Dodging        | |  0.7
Shields        | |  2.6

Action                   || total
-------------------------++-------
Melee: Long sword        ||   120
  Use: Potion            ||     1
Armor: Scale mail        ||    41
Dodge: Dodged            ||    25
Block: Shield            ||    43
       Rpst.: Long sword ||     5

Table legend:
 A = Non-vault XP
 B = Vault XP
 C = Vault XP percentage of total XP
 D = Non-vault monster count
 E = Vault monster count
 F = Vault count percentage of total count
                 A         B        C        D         E       F
            +---------+---------+-------+---------+---------+-------
      Total |      31 |       0 |   0.0 |      18 |       0 |   0.0
            +---------+---------+-------+---------+---------+-------
        D:1 |      18 |       0 |   0.0 |      10 |       0 |   0.0
        D:2 |      13 |       0 |   0.0 |       8 |       0 |   0.0
            +---------+---------+-------+---------+---------+-------
